 Dungeon Crawl Stone Soup version 0.32-a0-450-g080537f31e (webtiles) character file.

Game seed: 458092777538177047

20379 Sobieck the Marksgoblin (level 12, -5/78 HPs)
             Began as a Coglin Brigand on Feb 23, 2024.
             Was a High Priest of Dithmenos.
             Killed from afar by an ironbound frostheart (33 damage)
             ... by creeping frost
             ... in an ice cave.
             The game lasted 00:15:12 (10790 turns).

Sobieck the Marksgoblin (Coglin Brigand)           Turns: 10790, Time: 00:15:13

Health: -5/78      AC:  9    Str: 12    XL:     12   Next: 78%
Magic:  12/12      EV: 30    Int: 11    God:    Dithmenos [*****.]
Gold:   713        SH:  0    Dex: 23    Spells: 11/11 levels left

rFire   . . .        B - +8 longbow "Zephyr" {speed, Dex+3 SInv}
rCold   . . .        (shield currently unavailable)
rNeg    . . .        S - +0 troll leather armour
rPois   +            f - +1 helmet
rElec   .            O - +2 cloak
rCorr   .            n - +0 pair of gloves
SInv    +            (no boots)
Will    .....        e - amulet of the acrobat
Stlth   ++++         d - ring of Yqay {rPois EV+5}
HPRegen 1.13/turn    U - +5 ring of evasion
MPRegen 0.13/turn

%: acrobat
@: frozen, immotile, hasted, wreathed by umbra, studying 2 skills, revved, quick
A: off-hand wielding, slow wielding, warmup strikes, legs shutdown
a: Renounce Religion, Shadow Step, Shadow Form


You were in an ice cave.
You worshipped Dithmenos.
Dithmenos was extremely pleased with you.
You visited 1 branch of the dungeon, and saw 12 of its levels.
You also visited: Ice Cave.

You collected 713 gold pieces.

Inventory:

Hand Weapons
 a - a +2 dagger {Akiya}
 m - a +0 dagger {Agathoclea}
 o - a +0 rapier {Mishil}
 q - a +1 short sword of venom {Arif}
 t - the +7 falchion of Ru's Scorn {drain, rC+ Will+}
   (You found it on level 5 of the Dungeon)

   rC+:       It protects you from cold.
   Will+:     It increases your willpower.
 w - a +0 shortbow
 B - the +8 longbow "Zephyr" (weapon) {speed, Dex+3 SInv}
   (You acquired it on level 9 of the Dungeon)

   Dex+3:     It affects your dexterity (+3).
   SInv:      It lets you see invisible.
 I - a +0 sling
 L - a +2 sling of draining
Missiles
 k - 31 poisoned darts
 F - 11 curare-tipped darts
Armour
 b - a +0 robe
 c - a +1 cloak
 f - a +1 helmet (worn)
 l - a +2 buckler
 n - a +0 pair of gloves (worn)
 A - the +0 pair of gloves of Greed {Harm rF+ Int+3}
   (You found it on level 6 of the Dungeon)

   Int+3:     It affects your intelligence (+3).
   rF+:       It protects you from fire.
   Harm:      It increases damage dealt and taken.
 J - a +1 leather armour of fire resistance
 O - a +2 cloak (worn)
 S - a +0 troll leather armour (worn)
Magical Staves
 W - a staff of cold
Jewellery
 d - the ring of Yqay (left grasper) {rPois EV+5}
   (You acquired it on level 4 of the Dungeon)

   [ring of evasion]

   EV+5:      It affects your evasion (+5).
   rPois:     It protects you from poison
 e - an amulet of the acrobat (around neck)
 g - a ring of resist corrosion
 s - a ring of see invisible
 E - a ring of fire
 U - a +5 ring of evasion (right grasper)
Wands
 r - a wand of roots (13)
 D - a wand of mindburst (9)
 V - a wand of flame (38)
Scrolls
 h - 5 scrolls of fog
 p - 3 scrolls of butterflies
 u - 2 scrolls of noise
 y - 2 scrolls of vulnerability
 C - a scroll of immolation
 N - 2 scrolls of amnesia {unknown}
 P - a scroll of enchant armour
 T - 2 scrolls of teleportation
Potions
 i - 4 potions of cancellation
 j - 3 potions of heal wounds
 v - 3 potions of lignification
 x - a potion of resistance {unknown}
 z - 4 potions of magic
 G - a potion of attraction
 H - 5 potions of haste
 K - a potion of brilliance {unknown}
 M - 2 potions of enlightenment
 Q - 5 potions of curing
 R - a potion of invisibility {unknown}


   Skills:
 - Level 2.0 Fighting
 - Level 1.7 Short Blades
 + Level 15.6 Ranged Weapons
 - Level 1.7 Throwing
 - Level 11.0 Dodging
 - Level 3.2 Stealth


You had 11 spell levels left.
You didn't know any spells.
Your spell library contained the following spells:

 Spells                   Type           Power      Damage    Failure   Level
 Summon Small Mammal      Summ           0%         N/A       41%         1
 Mercury Vapours          Alch/Air       0%         N/A       56%         2
 Scorch                   Fire           0%         2d5       56%         2
 Searing Ray              Conj           0%         2d4       56%         2
 Call Canine Familiar     Summ           0%         N/A       80%         3
 Dazzling Flash           Conj/Hex       0%         N/A       80%         3
 Frozen Ramparts          Ice            0%         1d1       80%         3
 Mephitic Cloud           Conj/Alch/Air  0%         N/A       80%         3
 Sigil of Binding         Hex            0%         N/A       80%         3
 Summon Ice Beast         Ice/Summ       0%         N/A       80%         3
 Animate Dead             Necr           0%         N/A       99%         4
 Dimensional Bullseye     Hex/Tloc       0%         N/A       99%         4
 Flame Wave               Conj/Fire      0%         2d4       99%         4
 Leda's Liquefaction      Alch/Erth      0%         N/A       99%         4
 Petrify                  Alch/Erth      0%         N/A       99%         4
 Summon Blazeheart Golem  Fire/Summ      0%         N/A       99%         4
 Borgnjor's Vile Clutch   Necr/Erth      0%         N/A       100%        5
 Curse of Agony           Necr           0%         N/A       100%        5
 Freezing Cloud           Conj/Ice/Air   0%         6-21      100%        5
 Metabolic Englaciation   Hex/Ice        0%         N/A       100%        5
 Silence                  Hex/Air        0%         N/A       100%        5
 Summon Mana Viper        Hex/Summ       0%         N/A       100%        5
 Death Channel            Necr           0%         N/A       100%        6
 Summon Cactus Giant      Summ           0%         N/A       100%        6
 Monstrous Menagerie      Summ           0%         N/A       100%        7
 Ignition                 Fire           0%         3d3       100%        8


Dungeon Overview and Level Annotations

Branches:
Dungeon (12/15)            Temple (0/1) D:7            Lair (0/5) D:11
  IceCv (1/1)
    Orc: D:9-12

Altars:
Ashenzari
Dithmenos
Elyvilon
Kikubaaqudgha
Makhleb
Okawaru
Ru
Sif Muna
Trog
Uskayaw
Wu Jian
The Shining One

Annotations:
D:5 2 runed translucent doors, Azoth's ghost, novice DEHu
D:11 2 transporters, Ydotiota's ghost, journeyman FoAl


Innate Abilities, Weirdness & Mutations

You can wield a second weapon in your off-hand.
It takes a long time for you to wield or remove held weapons.
Your first few attacks do less damage.
Attacking and casting redirects power from your legs.


Message History

The death yak is severely wounded.
The death yak gores you!
* * * LOW HITPOINT WARNING * * *
You are too injured to fight recklessly!
You are too injured to fight recklessly!
Unknown command.
You are too injured to fight recklessly!
You are too injured to fight recklessly!
You are too injured to fight recklessly!
Fire: B) +8 longbow "Zephyr" {speed, Dex+3 SInv}
Press: ? - help, Q - select action Shift-Dir - straight line, f/p - death yak
Aim: a death yak (severely wounded, umbra, 86% to hit)
You shoot an arrow. The arrow hits the death yak.
The death yak is severely wounded.
You hear a bellow! x2
Fire: B) +8 longbow "Zephyr" {speed, Dex+3 SInv}
Press: ? - help, Q - select action Shift-Dir - straight line, f/p - death yak
Aim: a death yak (severely wounded, umbra, 86% to hit)
You shoot an arrow. The arrow hits the death yak.
The death yak is severely wounded.
Your shadow shoots an arrow.
The arrow hits the death yak.
Fire: B) +8 longbow "Zephyr" {speed, Dex+3 SInv}
Press: ? - help, Q - select action Shift-Dir - straight line, f/p - death yak
Aim: a death yak (almost dead, umbra, 86% to hit)
You shoot an arrow. The arrow hits the death yak!!
You kill the death yak!
Dithmenos accepts your kill.
The ironbound frostheart calls freezing cold from the walls.
The frost grips you!!
* * * LOW HITPOINT WARNING * * *
You are encased in ice.
Fire: B) +8 longbow "Zephyr" {speed, Dex+3 SInv}
Press: ? - help, Q - select action Shift-Dir - straight line, f - ironbound frostheart
Aim: an ironbound frostheart, wearing a +0 scale mail (umbra, 77% to hit)
You shoot an arrow.
The arrow hits the ironbound frostheart!
The ironbound frostheart is moderately wounded.
Your shadow shoots an arrow.
The arrow hits the ironbound frostheart!
Fire: B) +8 longbow "Zephyr" {speed, Dex+3 SInv}
Press: ? - help, Q - select action Shift-Dir - straight line, f/p - ironbound frostheart
Aim: an ironbound frostheart, wearing a +0 scale mail (heavily wounded, umbra, 77% to hit)
You shoot an arrow.
The arrow hits the ironbound frostheart but does no damage.
The ironbound frostheart is heavily wounded.
Your shadow shoots an arrow.
The arrow hits the ironbound frostheart but does no damage.
The ironbound frostheart calls freezing cold from the walls.
The frost grips you!!
You die...

#.## #..## ##...###
#†## #..# #####..#
#..## ##.####.####.#
##..###..# #...##..#
#...#..## #...##.##
##.....# #......#
#.⌠..## ###.#..##
#...## ≈##.#####
##..##≈≈#@##.##
####..≈≈###[#..#
##.#.##≈≈≈###p#.kph..#
#.#.## ≈#≈# #.#.Y.Y#$)
##.## ## ≈..###Yph#
### ≈# #.## ### ##


You could see an ironbound frostheart.

Vanquished Creatures
  An ironbound frostheart (IceCv)
  A boulder beetle (D:12)
  5 death yaks (IceCv)
  Sonja (D:11)
  A deep elf pyromancer (D:10)
  An ugly thing (IceCv)
  Maurice (D:9)
  An ice statue (IceCv)
  Joseph (D:9)
  A gargoyle (D:12)
  Jeremiah (D:9)
  4 kobold demonologists
  A komodo dragon (D:11)
  3 polar bears (IceCv)
  A troll (D:11)
  A hornet (D:8)
  3 slime creatures
  A wyvern (D:9)
  2 shadows
  30 yaks
  A steam dragon (D:7)
  4 vampire mosquitoes
  2 acid dragons
  2 water moccasins
  2 orc warriors
  16 wolves (IceCv)
  An ogre (D:4)
  4 centaurs
  2 phantoms
  9 kobold brigands
  3 bullfrogs
  2 gnoll sergeants
  2 scorpions
  7 killer bees
  6 howler monkeys
  2 bombardier beetles (D:6)
  9 orc priests
  2 hounds
  2 jellies
  A gnoll bouda (D:7)
  A sleepcap (D:8)
  4 iguanas
  8 orc wizards
  16 gnolls
  9 adders
  A shadow imp (D:6)
  15 white imps
  6 ufetubi
  A ribbon worm (D:2)
  34 orcs
  8 endoplasms
  3 giant cockroaches
  2 goblins
  6 hobgoblins
  10 jackals
  A quokka (D:4)
  8 ball pythons
  9 bats
  4 frilled lizards
  22 kobolds
  A rat (D:3)
309 creatures vanquished.

Notes
Turn   | Place    | Note
-------+----------+-------------------------------------------
     0 | D:1      | Sobieck the Coglin Brigand began the quest for the Orb.
     0 | D:1      | Reached XP level 1. HP: 16/16 MP: 1/1
    22 | D:1      | Reached skill level 1 in Dodging
   121 | D:1      | Reached XP level 2. HP: 22/22 MP: 2/2
   665 | D:2      | Reached XP level 3. HP: 27/27 MP: 3/3
  1032 | D:2      | Reached skill level 3 in Dodging
  1275 | D:2      | Reached XP level 4. HP: 33/33 MP: 4/4
  1681 | D:3      | Reached XP level 5. HP: 30/38 MP: 5/5
  2040 | D:3      | Reached XP level 6. HP: 40/44 MP: 6/6
  2355 | D:4      | Identified a scroll of acquirement
  2355 | D:4      | Acquired the ring of Yqay {rPois EV+5}
  2418 | D:4      | Noticed a +0 short sword
  2418 | D:4      | Noticed a +0 dagger
  2420 | D:4      | Noticed a +0 spear
  2498 | D:4      | Noticed a +0 dagger
  2498 | D:4      | Noticed a +0 short sword
  2499 | D:4      | Noticed a +0 spear
  2500 | D:4      | Noticed a +0 falchion
  2501 | D:4      | Noticed a +0 falchion
  2869 | D:4      | Reached skill level 6 in Dodging
  3062 | D:4      | Reached XP level 7. HP: 42/50 MP: 7/7
  3148 | D:4      | Found a hide-covered altar of Uskayaw.
  3194 | D:5      | Entered Level 5 of the Dungeon
  3339 | D:5      | Identified the +7 falchion of Ru's Scorn {drain, rC+ Will+}
  3420 | D:5      | Found a shadowy altar of Dithmenos.
  3477 | D:5      | Became a worshipper of Dithmenos the Shadowed
  3553 | D:5      | Found a runed translucent door.
  3556 | D:5      | Noticed Azoth's ghost (novice DEHu)
  3806 | D:5      | Found a runed translucent door.
  4083 | D:6      | Identified the +0 pair of gloves of Greed {Harm rF+ Int+3}
  4156 | D:6      | Reached XP level 8. HP: 40/56 MP: 8/8
  5086 | D:6      | Reached skill level 9 in Dodging
  5240 | D:6      | Found an ornate altar of the Wu Jian Council.
  5344 | D:7      | Reached * piety under Dithmenos
  5345 | D:7      | Found a broken altar of Ashenzari.
  5345 | D:7      | Found a sacrificial altar of Ru.
  5345 | D:7      | Found a burning altar of Makhleb.
  5613 | D:7      | Reached XP level 9. HP: 61/61 MP: 9/9
  5725 | D:7      | Found a staircase to the Ecumenical Temple.
  5746 | D:7      | Found a white marble altar of Elyvilon.
  5893 | D:7      | Reached skill level 1 in Ranged Weapons
  6062 | D:7      | Found a bloodstained altar of Trog.
  6148 | D:7      | Found an ancient bone altar of Kikubaaqudgha.
  6213 | D:7      | Found an iron altar of Okawaru.
  6274 | D:7      | Reached skill level 2 in Ranged Weapons
  6332 | D:8      | Reached ** piety under Dithmenos
  6517 | D:8      | Reached skill level 3 in Ranged Weapons
  6615 | D:8      | Reached skill level 4 in Ranged Weapons
  6868 | D:8      | Noticed a hornet
  6875 | D:8      | Killed a hornet
  6876 | D:8      | Reached skill level 5 in Ranged Weapons
  6956 | D:8      | Reached skill level 6 in Ranged Weapons
  6956 | D:8      | Reached XP level 10. HP: 60/67 MP: 10/10
  6961 | D:8      | Reached skill level 7 in Ranged Weapons
  7282 | D:9      | Noticed a deep elf pyromancer
  7282 | D:9      | Noticed a cyclops
  7282 | D:9      | Noticed a boulder beetle
  7282 | D:9      | Noticed a centaur warrior
  7282 | D:9      | Noticed a centaur warrior
  7282 | D:9      | Noticed a tengu warrior
  7283 | D:9      | Noticed a green ugly thing
  7283 | D:9      | Noticed a two-headed ogre
  7292 | D:9      | Noticed a cyclops
  7293 | D:9      | Noticed a boulder beetle
  7297 | D:9      | Noticed Maurice
  7327 | D:9      | Noticed a kobold demonologist
  7343 | D:9      | Noticed a soul eater
  7348 | D:9      | Killed a kobold demonologist
  7349 | D:9      | Reached skill level 8 in Ranged Weapons
  7944 | D:9      | Reached skill level 9 in Ranged Weapons
  8027 | D:9      | Acquired the +8 longbow "Zephyr" {speed, Dex+3 SInv}
  8027 | D:9      | Found the +8 longbow "Zephyr" {speed, Dex+3 SInv}
  8116 | D:9      | Noticed Jeremiah
  8122 | D:9      | Killed Jeremiah
  8166 | D:9      | Killed Maurice
  8166 | D:9      | Reached *** piety under Dithmenos
  8167 | D:9      | Reached skill level 10 in Ranged Weapons
  8188 | D:9      | Noticed Joseph
  8194 | D:9      | Killed Joseph
  8195 | D:9      | Reached XP level 11. HP: 72/72 MP: 11/11
  8455 | D:10     | Entered Level 10 of the Dungeon
  8508 | D:10     | Found a shimmering blue altar of Sif Muna.
  8508 | D:10     | Noticed a deep elf pyromancer
  8513 | D:10     | Killed a deep elf pyromancer
  8806 | D:10     | Reached skill level 11 in Ranged Weapons
  8840 | D:10     | Found a glowing golden altar of the Shining One.
  9015 | D:10     | Noticed a sun demon
  9099 | D:10     | Got the Folio of the Intense Salamander
  9252 | D:11     | Found a transporter.
  9256 | D:11     | Noticed Ydotiota's ghost (journeyman FoAl)
  9258 | D:11     | Noticed a moth of wrath
  9544 | D:11     | Noticed Sonja
  9552 | D:11     | Killed Sonja
  9553 | D:11     | Reached skill level 12 in Ranged Weapons
  9620 | D:11     | Found a transporter.
  9771 | D:11     | Found a staircase to the Lair.
  9824 | D:12     | Noticed a boulder beetle
  9883 | D:11     | Reached **** piety under Dithmenos
  9901 | D:12     | Killed a boulder beetle
  9942 | D:12     | Found a frozen archway.
  9967 | IceCv    | Entered an ice cave
  9983 | IceCv    | Reached skill level 13 in Ranged Weapons
 10061 | IceCv    | Reached XP level 12. HP: 70/78 MP: 12/12
 10130 | IceCv    | Noticed a death yak
 10141 | IceCv    | Killed a death yak
 10142 | IceCv    | Reached skill level 14 in Ranged Weapons
 10216 | IceCv    | Reached ***** piety under Dithmenos
 10338 | IceCv    | Noticed a death yak
 10338 | IceCv    | Noticed a death yak
 10396 | IceCv    | Killed a death yak
 10438 | IceCv    | Killed a death yak
 10439 | IceCv    | Reached skill level 15 in Ranged Weapons
 10651 | IceCv    | Noticed an ironbound frostheart
 10651 | IceCv    | Noticed a death yak
 10651 | IceCv    | Noticed a death yak
 10651 | IceCv    | Noticed a death yak
 10651 | IceCv    | Noticed an ironbound frostheart
 10769 | IceCv    | Killed a death yak
 10777 | IceCv    | Killed an ironbound frostheart
 10788 | IceCv    | Killed a death yak
 10790 | IceCv    | Killed from afar by an ironbound frostheart

Illustrated notes

Levels and vault maps discovered:
D:1:      amcnicky_arrival_gap_in_the_tavern_cellar, layout_rooms,
          serial_rivers, chequers_serial_rivers_micro_a,
          chequers_serial_rivers_micro_d, chequers_serial_rivers_marsh,
          chequers_serial_rivers_small_b
D:2:      layout_loops_corners
D:3:      layout_basic
D:4:      layout_loops_ring, nicolae_uskayaw_en_pointe
D:5:      layout_rooms, nicolae_dithmenos_through_a_glass_darkly,
          ebering_ghost_sewer_f
D:6:      layout_loops_cross, nicolae_wu_jian_immortal_techniques,
          serial_co_window_serial, co_window_corner_a, co_window_paths_a,
          co_window_corner_a, co_window_corner_a, co_window_paths_a,
          co_window_paths_a, co_window_paths_b, co_window_paths_b,
          co_window_paths_b, co_window_2corner, co_window_broadway_a,
          co_window_corner_b, co_window_unsneaky_path_b,
          co_window_unsneaky_path_e, co_window_4corner_b, glass_columns_c,
          glass_columns_a, glass_columns_c, glass_columns_a, glass_columns_a
D:7:      layout_basic, elyvilon_altar_1, lightli_temple_of_fire,
          chequers_temple_overflow_statue_of_worship,
          mainiacjoe_overflow_large_starburst, minmay_temple_entry_glassed_door
D:8:      layout_loops_cross
D:9:      layout_basic, minivault_12, uniq_jeremiah, uniq_maurice, uniq_joseph
D:10:     layout_cave_pools, nicolae_tso_carved_into_rock, serial_library,
          serial_library_regret_index_split_case,
          serial_library_hellmonk_metal_room,
          serial_library_hellmonk_narrow_alcove, serial_library_hellmonk_h_bend,
          serial_library_hellmonk_room_a, serial_library_hellmonk_room_b,
          serial_library_hellmonk_filled_rooms,
          serial_library_hellmonk_double_dead_end
D:11:     layout_roguey, lair_entry_dummy, gammafunk_ghost_berserking_beasts,
          uniq_sonja
D:12:     layout_rooms, minmay_orc_entry_guard_dogs, portal_ice_cave_entry_imps
IceCv:    ice_cave_caverns_01

Skill      XL: |  1  2  3  4  5  6  7  8  9 10 11 12 |
---------------+-------------------------------------+-----
Dodging        | 1 2 3 4 5 6 8 10 11 | 11.0
Ranged Weapons | 6 10 13 15 | 15.6
Fighting       | |  2.0
Short Blades   | |  1.7
Throwing       | |  1.7
Stealth        | |  3.2

Action                     |  1- 3 |  4- 6 |  7- 9 | 10-12 || total
---------------------------+-------+-------+-------+-------++-------
  Melee: Dagger            |   140 |    91 |    46 |       ||   277
         Rapier            |       |    33 |       |       ||    33
         Short sword       |       |    56 |   248 |    75 ||   379
         Falchion          |       |       |   224 |    81 ||   305
   Fire: Longbow           |       |       |       |   426 ||   426
    Use: Scroll            |       |     7 |     2 |    12 ||    21
         Potion            |       |       |       |     1 ||     1
   Stab: Sleeping          |    10 |     7 |     6 |     1 ||    24
         Distracted        |     1 |       |       |       ||     1
 Armour: Robe              |    30 |    33 |    65 |       ||   128
         Leather armour    |       |       |    14 |    29 ||    43
         Troll leather arm |       |       |       |    34 ||    34
  Dodge: Dodged            |    88 |    62 |   384 |   260 ||   794

Table legend: (Time is in decaauts)
 A = Elapsed time spent in this place.
 B = Non-inter-level travel time spent in this place.
 C = Inter-level travel time spent in this place.
 D = Time resting spent in this place.
 E = Time spent auto-exploring this place.
 F = Levels seen in this place.
 G = Mean time per level.
                   A        B        C        D        E       F      G
               +--------+--------+--------+--------+--------+-----+--------+
         Total |  10676 |  10219 |    457 |   1177 |   7037 |  13 |  821.2 |
       Dungeon |   9932 |   9475 |    457 |    962 |   6797 |  12 |  827.7 |
      Ice Cave |    743 |    743 |      0 |    215 |    240 |   1 |  743.0 |
               +--------+--------+--------+--------+--------+-----+--------+

Top non-repeatable levels by time:
     D:6: 1332 daAuts
     D:9: 1078 daAuts
     D:7: 1065 daAuts
     D:8: 1006 daAuts
     D:3: 848 daAuts
     D:4: 841 daAuts
     D:2: 829 daAuts
     D:5: 788 daAuts
   IceCv: 743 daAuts
    D:10: 730 daAuts
     D:1: 666 daAuts
    D:11: 662 daAuts
    D:12: 83 daAuts
